 Dungeon Crawl Stone Soup version 0.31.0-11-ge490571c62 (webtiles) character file.

Game seed: 1400125620957575383

5136 trckry the Grappler (level 10, -4/73 HPs)
             Began as a Yellow Draconian Shapeshifter on Jan 27, 2024.
             Killed from afar by an electric eel (14 damage)
             ... with a bolt of electricity
             ... on level 8 of the Dungeon.
             The game lasted 00:19:53 (7520 turns).

trckry the Grappler (Yellow Draconian Shapeshifter) Turns: 7520, Time: 00:19:53

Health: -4/73      AC: 15    Str: 20    XL:     10   Next: 33%
Magic:  10/10      EV: 12    Int: 12    God:
Gold:   332        SH:  0    Dex: 10    Spells: 9/9 levels left

rFire   x x          .
                       - Unarmed
rCold   x x .        (no shield)
rNeg    + . .        (body armour unavailable)
rPois   +            (helmet currently unavailable)
rElec   .            (cloak currently unavailable)
rCorr   +            (gloves currently unavailable)
SInv    .            (boots currently unavailable)
Will    .....        k - amulet of Elemental Vulnerability {rPois rF-- rC-- AC+8}
Stlth   +            v - ring of positive energy
HPRegen 0.32/turn    (no ring)
MPRegen 0.12/turn

%: no passive effects
@: beast-form
A: beast (slay +4), spit acid, AC +7, unfitting armour, cold-blooded, acid
resistance
a: Breathe Acid, Begin Untransformation


You were on level 8 of the Dungeon.
You were a hulking beast.
You visited 2 branches of the dungeon, and saw 9 of its levels.

You collected 422 gold pieces.
You spent 90 gold pieces at shops.

Inventory:

Hand Weapons
 a - a +0 dagger of venom
Missiles
 n - 7 javelins
 w - 4 poisoned darts (quivered)
 K - a throwing net
Armour
 f - a +0 pair of gloves
 t - a +0 pair of boots
 y - a scarf of resistance
 M - a +0 troll leather armour
Jewellery
 k - the amulet of Elemental Vulnerability (around neck) {rPois rF-- rC-- AC+8}
   (You found it on level 2 of the Dungeon)

   [amulet of nothing]

   AC+8:      It affects your AC (+8).
   rF--:      It makes you very vulnerable to fire.
   rC--:      It makes you very vulnerable to cold.
   rPois:     It protects you from poison
 v - a ring of positive energy (left hand)
 I - an amulet of guardian spirit
Talismans
 b - a beast talisman (active)
 c - a flux talisman
Wands
 J - a wand of polymorph (11)
Scrolls
 e - a scroll of silence {unknown}
 g - 2 scrolls of vulnerability {unknown}
 i - 3 scrolls of revelation {unknown}
 m - 2 scrolls of teleportation {unknown}
 o - 2 scrolls of fear {unknown}
 q - a scroll of enchant armour {unknown}
 u - 7 scrolls of identify {unknown}
 A - a scroll of butterflies {unknown}
 B - a scroll of enchant weapon {unknown}
 C - a scroll of torment {unknown}
 D - a scroll of fog {unknown}
 E - a scroll of blinking {unknown}
 H - a scroll of immolation {unknown}
 L - a scroll of poison {unknown}
Potions
 d - 2 potions of brilliance {unknown}
 h - a potion of curing
 j - 2 potions of haste {unknown}
 l - a potion of lignification
 p - 2 potions of cancellation {unknown}
 r - 4 potions of attraction {unknown}
 s - a potion of magic {unknown}
 x - a potion of enlightenment {unknown}
 z - a potion of degeneration {unknown}
 F - a potion of mutation {unknown}
 G - a potion of berserk rage {unknown}


   Skills:
 - Level 1.7 Fighting
 - Level 2.1 Dodging
 + Level 11.2 Unarmed Combat
 + Level 10.4 Shapeshifting


You had 9 spell levels left.
You didn't know any spells.
Your spell library contained the following spells:

 Spells                   Type           Power      Damage    Failure   Level
 Apportation              Tloc           0%         N/A       32%         1
 Necrotise                Necr           0%         1d4       32%         1
 Sting                    Conj/Alch      0%         1d3       32%         1
 Summon Small Mammal      Summ           0%         N/A       32%         1
 Call Imp                 Summ           0%         N/A       45%         2
 Jinxbite                 Hex            0%         N/A       45%         2
 Sublimation of Blood     Necr           0%         N/A       45%         2
 Fugue of the Fallen      Necr           0%         N/A       69%         3
 Inner Flame              Hex/Fire       0%         N/A       69%         3
 Ozocubu's Armour         Ice            0%         N/A       69%         3
 Tukima's Dance           Hex            0%         N/A       69%         3
 Vampiric Draining        Necr           0%         2d6       69%         3
 Anguish                  Hex/Necr       0%         N/A       97%         4
 Cause Fear               Hex            0%         N/A       97%         4
 Manifold Assault         Tloc           0%         N/A       97%         4
 Martyr's Knell           Necr/Summ      0%         N/A       97%         4
 Olgreb's Toxic Radiance  Alch           0%         N/A       97%         4
 Passage of Golubria      Tloc           0%         N/A       97%         4
 Alistair's Intoxication  Alch           0%         N/A       100%        5
 Curse of Agony           Necr           0%         N/A       100%        5
 Irradiate                Conj/Alch      0%         3d11      100%        5
 Yara's Violent Unravell  Hex/Alch       0%         3d3       100%        5
 Enfeeble                 Hex            0%         N/A       100%        7
 Ozocubu's Refrigeration  Ice            0%         4d7       100%        7
 Summon Hydra             Summ           0%         N/A       100%        7
 Discord                  Hex            0%         N/A       100%        8
 Ignition                 Fire           0%         3d3       100%        8


Dungeon Overview and Level Annotations

Branches:
Dungeon (8/15) Zot: 25340  Temple (1/1) D:6 Zot: 5998
   Lair: D:8-11

Altars:
Ashenzari
Cheibriados
Dithmenos
Elyvilon
Gozag
Hepliaklqana
Kikubaaqudgha
Makhleb
Nemelex Xobeh
Okawaru
Qazlal
Ru
Sif Muna
Trog
Uskayaw
Vehumet
Wu Jian
Xom
Yredelemnul
Zin
The Shining One

Shops:
D:2 (   D:4 :   D:6 ?   D:7 [

Annotations:
D:6 exclusion: door


Innate Abilities, Weirdness & Mutations

You are a hulking beast.
Your limbs bulge with bestial killing power. (Slay +4)
You can spit globs of acid.
Your golden yellow scales are hard. (AC +7)
You cannot fit into any form of body armour.
You are cold-blooded and may be slowed by cold attacks.
You are resistant to acid. (rCorr)


Message History

The electric eel shoots out a bolt of lightning at you!
The bolt of electricity hits you!
The electric eel shoots out a bolt of lightning at you!
The bolt of electricity hits you!
The electric eel shoots out a bolt of lightning at you!
The bolt of electricity hits you.
The electric eel shoots out a bolt of lightning at you!
The bolt of electricity hits you but does no damage.
The bolt of electricity hits you!
There is a large open door here.
The electric eel shoots out a bolt of lightning at you!
The bolt of electricity hits you.
You miss the electric eel.
The electric eel shoots out a bolt of lightning at you!
The bolt of electricity hits you!
You punch the electric eel!
You kill the electric eel!
You hear a splash.
Why would you want to do that?
The electric eel shoots out a bolt of lightning at you!
The bolt of electricity hits you!
The electric eel shoots out a bolt of lightning at you!
The bolt of electricity hits you!
* * * LOW HITPOINT WARNING * * *
The electric eel shoots out a bolt of lightning at you!
The bolt of electricity hits you!
* * * LOW HITPOINT WARNING * * *
You feel better.
The electric eel shoots out a bolt of lightning at you!
The bolt of electricity hits you!
* * * LOW HITPOINT WARNING * * *
The electric eel shoots out a bolt of lightning at you!
The bolt of electricity misses you.
You feel better.
The electric eel shoots out a bolt of lightning at you!
The bolt of electricity hits you.
* * * LOW HITPOINT WARNING * * *
The electric eel shoots out a bolt of lightning at you!
The bolt of electricity hits you!
You die...

≈≈≈≈####.##.#
≈≈≈≈≈≈≈≈≈###.##.#
≈≈≈≈≈≈≈≈≈≈##.##.####
≈≈≈≈≈≈≈≈≈≈≈##......#
≈≈≈≈≈≈≈≈≈≈≈≈######.#
≈≈≈≈≈≈≈≈≈≈≈≈#
#.#########
≈8..8≈≈≈≈≈≈≈####
#.........#
♣........'..#
#########.#
♣.......h'..# #.#
≈8..8≈≈≈≈≈≈≈#..# #.#
≈≈≈≈≈≈≈≈≈≈≈≈##[# #>#
≈≈≈≈≈≈≈≈≈≈≈≈##.# #.#
≈≈≈≈≈≈≈≈≈≈≈###.# #.#
≈≈≈≈≈≈≈≈≈≈## #.#
#######.#
≈≈≈≈≈≈≈≈≈## #.#
#.......#
≈≈≈≈≈S≈≈### #.#
#.####### ##.# #.#
#.#


You could see an electric eel.

Vanquished Creatures
  A boulder beetle (D:8)
  A kobold demonologist (D:8)
  Maggie (D:6)
  A troll (D:8)
  A steam dragon (D:8)
  A vampire mosquito (D:8)
  Edmund (D:5)
  3 water moccasins
  An orc warrior (D:7)
  A black bear (D:6)
  3 ogres
  Blork the orc (D:4)
  6 bullfrogs
  A gnoll sergeant (D:7)
  3 scorpions (D:6)
  13 wights
  5 killer bees (D:8)
  3 howler monkeys
  4 electric eels (D:8)
  4 hounds
  2 gnoll boudas
  3 jellies
  3 orc priests
  A sleepcap (D:4)
  3 orc wizards
  2 iguanas (D:6)
  15 gnolls
  7 adders
  A shadow imp (D:6)
  2 ufetubi (D:7)
  A ribbon worm (D:2)
  4 dart slugs
  18 orcs
  7 bats
  7 endoplasms
  2 giant cockroaches
  7 goblins
  8 hobgoblins
  11 jackals
  6 quokkas
  4 ball pythons
  5 frilled lizards
  4 kobolds
  3 rats
181 creatures vanquished.

Notes
Turn   | Place    | Note
-------+----------+-------------------------------------------
     0 | D:1      | trckry the Draconian Shapeshifter began the quest for the
                  | Orb.
     0 | D:1      | Reached XP level 1. HP: 16/16 MP: 1/1
    98 | D:1      | Reached XP level 2. HP: 22/23 MP: 2/2
   315 | D:1      | Reached XP level 3. HP: 29/29 MP: 3/3
   768 | D:2      | Found Yvaypije's Weapon Shoppe.
   819 | D:2      | Found the amulet of Elemental Vulnerability {rPois rF--
                  | rC-- AC+8}
  1015 | D:2      | Reached XP level 4. HP: 36/36 MP: 4/4
  1247 | D:3      | Reached skill level 4 in Unarmed Combat
  1485 | D:3      | Reached XP level 5. HP: 41/41 MP: 5/5
  1778 | D:4      | Found Bairah's Tremendous Tomes.
  1804 | D:4      | Found a stormy altar of Qazlal.
  2066 | D:4      | Noticed Blork the orc
  2076 | D:4      | Killed Blork the orc
  2077 | D:4      | Reached skill level 5 in Unarmed Combat
  2077 | D:4      | Reached XP level 6. HP: 28/48 MP: 6/6
  2216 | D:4      | Reached skill level 5 in Shapeshifting
  2423 | D:5      | Entered Level 5 of the Dungeon
  2702 | D:5      | Your scales start taking on a golden yellow colour.
  2702 | D:5      | Reached XP level 7. HP: 48/53 MP: 7/7
  2702 | D:5      | Gained mutation: You are resistant to acid. (rCorr) [Yellow
                  | Draconian growth]
  2969 | D:5      | Reached skill level 6 in Unarmed Combat
  3147 | D:5      | Found an ornate altar of the Wu Jian Council.
  3402 | D:5      | Noticed Edmund
  3411 | D:5      | Killed Edmund
  3636 | D:5      | Found a snail-covered altar of Cheibriados.
  3790 | D:6      | Reached skill level 7 in Unarmed Combat
  3799 | D:5      | Reached XP level 8. HP: 42/60 MP: 8/8
  4253 | D:6      | Found The Oracle's Delphic Readings.
  4268 | D:6      | Reached skill level 8 in Unarmed Combat
  4511 | D:6      | Found an iron altar of Okawaru.
  4736 | D:6      | Found a staircase to the Ecumenical Temple.
  4745 | D:6      | Found a shimmering blue altar of Sif Muna.
  4770 | Temple   | Entered the Ecumenical Temple
  4907 | D:6      | Found a sparkling altar of Nemelex Xobeh.
  5001 | D:6      | Reached XP level 9. HP: 50/67 MP: 9/9
  5175 | D:7      | Reached skill level 9 in Unarmed Combat
  5364 | D:7      | Noticed Maggie
  5364 | D:7      | Found Zuop Gecw's Antique Armour Shoppe.
  5378 | D:6      | Killed Maggie
  5572 | D:7      | Found an ancient bone altar of Kikubaaqudgha.
  5604 | D:7      | Found Zin's Purification Station.
  5607 | D:7      | Found a glowing silver altar of Zin.
  5612 | D:7      | Bought a potion of curing for 90 gold pieces
  6095 | D:8      | Noticed a troll
  6101 | D:8      | Killed a troll
  6204 | D:8      | Reached skill level 10 in Unarmed Combat
  6675 | D:8      | Noticed a kobold demonologist
  6693 | D:8      | Killed a kobold demonologist
  6694 | D:8      | Reached XP level 10. HP: 71/73 MP: 10/10
  6883 | D:8      | Reached skill level 10 in Shapeshifting
  6910 | D:8      | Noticed a boulder beetle
  6937 | D:8      | Killed a boulder beetle
  6938 | D:8      | Reached skill level 11 in Unarmed Combat
  7516 | D:8      | HP: 5/73 [electric eel/bolt of electricity (9)]
  7520 | D:8      | Killed from afar by an electric eel

Illustrated notes

Levels and vault maps discovered:
D:1:      lightli_arrival_statuegarden, layout_basic
D:2:      layout_rooms, serial_shops, shop, kennysheep_doodads
D:3:      layout_rooms, minmay_large_rounded_square
D:4:      layout_cave_pools, lemuel_crystal_altar,
          serial_library_hellmonk_open_cross, chequers_serial_rivers_marsh,
          nicolae_shop_i_like_big_books, uniq_blork_the_orc
D:5:      layout_layer_cave, kennysheep_mini, nzn_wu_jian_council_hall,
          uniq_edmund
D:6:      layout_layer_cave, led_sif_book, mainiacjoe_overflow_alcove_4,
          okawaru_gym_becter, minmay_temple_entry_statues_fountains,
          serial_glass, glass_columns_a, glass_columns_c, glass_columns_a,
          glass_columns_c, glass_columns_c, glass_columns_c, glass_columns_a,
          glass_columns_b, grunt_ministairs_2, hangedman_decor_diamond_cutter,
          nicolae_nh_oracle_at_delphi
D:7:      layout_rooms, zin_purify, mainiacjoe_overflow_brackets, serial_shops,
          shop, uniq_maggie
D:8:      kennysheep_big_flooded_room, layout_loops_ring
Temple:   nicolae_temple_ecumenical_triangle

Skill      XL: |  1  2  3  4  5  6  7  8  9 10 |
---------------+-------------------------------+-----
Dodging        | 2 |  2.1
Unarmed Combat | 4 5 7 8 10 11 | 11.2
Shapeshifting  | 4 5 6 8 9 10 | 10.4
Fighting       | |  1.7

Action                     |  1- 3 |  4- 6 |  7- 9 | 10-12 || total
---------------------------+-------+-------+-------+-------++-------
  Melee: Unarmed           |    92 |   199 |   256 |    31 ||   578
         Tailslap          |    13 |    24 |    32 |     4 ||    73
         Punch             |     2 |     2 |    12 |     2 ||    18
  Throw: Javelin           |       |     3 |    12 |     1 ||    16
         Dart              |       |       |       |     6 ||     6
Ability: Breathe Acid      |       |       |     1 |       ||     1
    Use: Potion            |       |       |       |     2 ||     2
   Stab: Sleeping          |     1 |       |     1 |       ||     2
 Armour: Skin              |    42 |   139 |   167 |    42 ||   390
  Dodge: Dodged            |    57 |   125 |   137 |    17 ||   336
   Form: Beast             |     1 |       |     1 |       ||     2
                           |       |       |     1 |       ||     1
